 Dungeon Crawl Stone Soup version 0.29.0-4-gdea44cf6ec (webtiles) character file.

Game seed: 13428564366737810540

7652 qw the Severer (level 10, -1/136 HPs)
             Began as a Minotaur Berserker on Sept 7, 2022.
             Was an Elder of Trog.
             Slain by a komodo dragon (14 damage)
             ... on level 2 of the Lair of Beasts.
             The game lasted 00:03:47 (11915 turns).

qw the Severer (Minotaur Berserker)                Turns: 11915, Time: 00:03:47

Health: -1/136     AC: 22    Str: 26    XL:     10   Next: 99%
Magic:  9/9        EV:  8    Int:  4    God:    Trog [****..]
Gold:   293        SH:  0    Dex: 10    Spells: 9/9 levels left

rFire   . . .      SeeInvis +   Y - +0 broad axe (flame)
rCold   . . .      Faith    .   (no shield)
rNeg    . . .      Spirit   .   u - +0 plate armour
rPois   .          Reflect  .   (helmet restricted)
rElec   .          Harm     .   (no cloak)
rCorr   .          Rampage  .   n - +2 pair of gloves
Will    .....                   q - +0 pair of boots
Stlth   ..........              (no amulet)
HPRegen 0.32/turn               p - ring of see invisible
MPRegen 0.11/turn               t - +4 ring of protection

@: berserking (expiring), lethally poisoned (-1 -> -6), very quick
A: horns 2, retaliatory headbutt
a: Renounce Religion, Berserk, Trog's Hand, Brothers in Arms


You were on level 2 of the Lair of Beasts.
You worshipped Trog.
Trog was greatly pleased with you.
You visited 2 branches of the dungeon, and saw 10 of its levels.

You collected 636 gold pieces.
You spent 343 gold pieces at shops.


Innate Abilities, Weirdness & Mutations

You have a pair of horns on your head.
You reflexively headbutt those who attack you in melee.


   Skills:
 - Level 9.2 Fighting
 + Level 16.5 Axes
 - Level 1.0 Throwing
 - Level 8.0 Armour
 - Level 3.1 Dodging


You had 9 spell levels left.
You didn't know any spells.
Your spell library was empty.

Inventory:

Hand Weapons
 Y - a +0 broad axe of flaming (weapon)
Missiles
 l - a boomerang (quivered)
Armour
 n - a +2 pair of gloves (worn)
 q - a +0 pair of boots (worn)
 u - a +0 plate armour (worn)
Jewellery
 f - a +6 ring of strength
 g - a ring of fire
 j - a ring of protection from fire
 p - a ring of see invisible (left hand)
 t - a +4 ring of protection (right hand)
Scrolls
 a - 10 scrolls of identify
 o - a scroll of teleportation
Potions
 c - a potion of cancellation
 d - 5 potions of curing
 h - a potion of resistance
 i - 4 potions of heal wounds
 k - 2 potions of mutation

Dungeon Overview and Level Annotations

Branches:
Dungeon (8/15)             Temple (0/1) D:5            Lair (2/5) D:8
  Snake (0/4) Lair:2
  Swamp: Lair:2-3    Shoals: Lair:2-3

Altars:
Ashenzari
Dithmenos
Nemelex Xobeh
Qazlal
Trog
Wu Jian
Yredelemnul
Jiyva

Shops:
D:4 !   D:5 (?(   D:6 (

Annotations:
D:1 2 runed translucent doors
D:8 1 runed translucent door, qw's ghost, novice TrCA
Lair:1 4 transporters, qw's ghost, journeyman TrCA
Lair:2 qw's ghost, journeyman TrCA


Message History

You feel sick. The naga hits you with a +0 scimitar.
The naga hits you with a +0 vorpal scimitar.
The naga constricts you.
You slash the naga! You burn the naga.
The naga is heavily wounded.
You closely miss the naga.
You feel sick.
You hit the naga. You burn the naga.
The naga is severely wounded.
You closely miss the naga.
You feel sick.
A komodo dragon comes into view.
The naga hits you with a +0 scimitar! The naga spits poison at you.
The splash of poison hits you but does no damage.
You are more poisoned.
The naga constricts you.
You slash the naga! You burn the naga.
You kill the naga!
Trog accepts your kill.
You barely miss the naga.
You feel sick.
You closely miss the naga. You headbutt the naga!
The naga is heavily wounded.
You feel sick.
You slice the naga!! You burn the naga.
You kill the naga!
Trog accepts your kill.
You feel sick.
Found an escape hatch in the ceiling.
You feel sick.
Things that are here:
a +0 scimitar; a +0 robe; a naga corpse You feel a strong urge to attack something.
You feel sick.
You feel sick.
You slice the komodo dragon!! You burn the komodo dragon!
The komodo dragon is almost dead.
The komodo dragon bites you!
You die...

#.........#
##.......####
#...........#
#?....###...###
##....#..)....#
#....#.......##.
#.......)).!...(
##..>....>......
#......@.....#.
#...#..l....##
##.P#.......# ##
###...### .#...
. ..<. . .....
.. .....#


You could see a komodo dragon.

Vanquished Creatures
  2 cane toads (Lair:1)
  2 komodo dragons
  A rime drake (Lair:1)
  A troll (D:7)
  2 polar bears (Lair:1)
  2 wyverns (Lair:1)
  4 yaks (Lair:1)
  3 nagas (Lair:2)
  5 water moccasins
  3 ice beasts
  An orc warrior (D:5)
  4 black bears
  2 sky beasts (D:6)
  An ogre (D:7)
  9 wolves
  A centaur (D:7)
  2 phantoms (D:7)
  A kobold brigand (D:5)
  4 bullfrogs
  2 gnoll sergeants (D:5)
  4 scorpions
  7 wights
  5 hounds
  2 gnoll boudas
  2 orc priests
  Ijyb (D:3)
  Jessica (D:3)
  2 iguanas
  6 orc wizards
  Natasha (thrice) (D:2)
  Robin (D:2)
  19 gnolls
  9 adders
  2 shadow imps
  2 ufetubi (D:5)
  2 worms
  3 dart slugs
  29 orcs
  12 endoplasms
  8 giant cockroaches
  13 goblins
  14 hobgoblins
  6 jackals
  2 quokkas
  8 ball pythons
  6 bats
  8 frilled lizards
  6 kobolds
  5 rats
240 creatures vanquished.

Vanquished Creatures (others)
  8 fungi (Lair:1)
  10 plants
18 creatures vanquished.

Grand Total: 258 creatures vanquished

Notes
Turn   | Place    | Note
-------+----------+-------------------------------------------
     0 | D:1      | qw the Minotaur Berserker began the quest for the Orb.
     0 | D:1      | Reached XP level 1. HP: 19/19 MP: 0/0
     0 | D:1      | 0 ||| qw: Version: 0.1-a-108-g9e35731
     0 | D:1      | 0 ||| qw: Game counter: 6483
     0 | D:1      | 0 ||| qw: Always use a shield: true
     0 | D:1      | 0 ||| qw: Do Orc after D:15 true
     0 | D:1      | 0 ||| qw: Do second Lair branch before Depths: true
     0 | D:1      | 0 ||| qw: Lair rune preference: random
     0 | D:1      | 0 ||| qw: Plans: Normal
     0 | D:1      | 0 ||| PLANNING D:1-11
    46 | D:1      | Reached skill level 4 in Axes
    47 | D:1      | Found a large runed translucent door.
    47 | D:1      | Found a large runed translucent door.
    56 | D:1      | Noticed a jelly
    57 | D:1      | Found a viscous altar of Jiyva.
    57 | D:1      | Noticed a jelly
    58 | D:1      | Noticed a jelly
    59 | D:1      | Noticed a jelly
    60 | D:1      | Noticed a jelly
   218 | D:1      | 218 ||| Stepping ~*~*~tactically~*~*~ (stealth).
   224 | D:1      | Reached XP level 2. HP: 14/26 MP: 1/1
   225 | D:1      | 225 ||| INVOKING Berserk.
   310 | D:1      | 310 ||| Stepping ~*~*~tactically~*~*~ (stealth).
   311 | D:1      | 311 ||| Stepping ~*~*~tactically~*~*~ (stealth).
   474 | D:1      | 474 ||| Stepping ~*~*~tactically~*~*~ (stealth).
   495 | D:1      | Noticed a great orb of eyes
   552 | D:1      | Found a faded altar of an unknown god.
   552 | D:1      | Noticed a shining eye
   558 | D:1      | Noticed a great orb of eyes
   568 | D:1      | Noticed a shining eye
   741 | D:1      | HP: 6/26 [poisoned by a kobold]
  1235 | D:1      | Reached skill level 5 in Axes
  1663 | D:1      | 1663 ||| UPGRADING to +0 ring mail.
  1673 | D:1      | 1673 ||| DROPPING +0 animal skin.
  1674 | D:1      | 1674 ||| READING 2 scrolls labelled SEDOGR YRETAJY.
  1675 | D:1      | 1675 ||| READING scroll labelled EMUOGA AFRABI.
  1676 | D:1      | 1676 ||| READING scroll labelled HIHIETOJEE.
  1804 | D:2      | 1804 ||| STAIRDANCE
  1855 | D:2      | 1855 ||| STAIRDANCE
  1858 | D:1      | Reached XP level 3. HP: 26/31 MP: 2/2
  1971 | D:2      | 1971 ||| STAIRDANCE
  2093 | D:2      | 2093 ||| Stepping ~*~*~tactically~*~*~ (stealth).
  2103 | D:2      | Reached ** piety under Trog
  2106 | D:2      | 2106 ||| Stepping ~*~*~tactically~*~*~ (stealth).
  2111 | D:2      | 2111 ||| Stepping ~*~*~tactically~*~*~ (stealth).
  2113 | D:2      | Noticed Natasha
  2114 | D:2      | 2114 ||| Stepping ~*~*~tactically~*~*~ (stealth).
  2115 | D:2      | 2115 ||| Stepping ~*~*~tactically~*~*~ (stealth).
  2120 | D:2      | 2120 ||| INVOKING Berserk.
  2123 | D:2      | Killed Natasha
  2144 | D:2      | Reached skill level 6 in Axes
  2144 | D:2      | Reached XP level 4. HP: 32/39 MP: 3/3
  2199 | D:2      | Noticed Natasha
  2200 | D:2      | 2200 ||| Stepping ~*~*~tactically~*~*~ (hiding).
  2202 | D:2      | 2202 ||| INVOKING Berserk.
  2210 | D:2      | Killed Natasha
  2211 | D:2      | Noticed Natasha
  2213 | D:2      | 2213 ||| Stepping ~*~*~tactically~*~*~ (hiding).
  2218 | D:2      | Killed Natasha
  2395 | D:2      | Reached skill level 7 in Axes
  2395 | D:2      | Reached XP level 5. HP: 45/45 MP: 4/4
  2531 | D:2      | Noticed Robin
  2532 | D:2      | 2532 ||| Stepping ~*~*~tactically~*~*~ (hiding).
  2536 | D:2      | 2536 ||| Stepping ~*~*~tactically~*~*~ (stealth).
  2541 | D:2      | 2541 ||| INVOKING Berserk.
  2542 | D:2      | 2542 ||| INVOKING Berserk.
  2545 | D:2      | Killed Robin
  2872 | D:2      | 2872 ||| Stepping ~*~*~tactically~*~*~ (stealth).
  2877 | D:2      | 2877 ||| Stepping ~*~*~tactically~*~*~ (stealth).
  2878 | D:2      | 2878 ||| Stepping ~*~*~tactically~*~*~ (stealth).
  2879 | D:2      | 2879 ||| Stepping ~*~*~tactically~*~*~ (stealth).
  2970 | D:2      | 2970 ||| UPGRADING to +0 pair of gloves.
  2975 | D:2      | 2975 ||| READING 2 scrolls labelled RUANYU VUKA.
  2976 | D:2      | 2976 ||| READING scroll of enchant weapon.
  2976 | D:2      | 2976 ||| ENCHANTING +1 hand axe.
  2977 | D:2      | 2977 ||| READING scroll labelled SAATIC UJUBAHU.
  2978 | D:2      | 2978 ||| READING scroll labelled GAXAPE NIMUE.
  2979 | D:2      | 2979 ||| READING 2 scrolls of identify.
  2979 | D:2      | 2979 ||| IDENTIFYING white potion
  3026 | D:3      | 3026 ||| DROPPING +0 whip.
  3038 | D:3      | 3038 ||| INVOKING Berserk.
  3122 | D:3      | Found an ornate altar of the Wu Jian Council.
  3125 | D:3      | Noticed Jessica
  3126 | D:3      | 3126 ||| FLEEEEING.
  3127 | D:3      | 3127 ||| FLEEEEING.
  3128 | D:3      | 3128 ||| FLEEEEING.
  3129 | D:3      | 3129 ||| FLEEEEING.
  3130 | D:3      | 3130 ||| FLEEEEING.
  3131 | D:3      | 3131 ||| FLEEEEING.
  3142 | D:3      | 3142 ||| FLEEEEING.
  3143 | D:3      | 3143 ||| FLEEEEING.
  3144 | D:3      | 3144 ||| STAIRDANCE
  3299 | D:3      | Reached *** piety under Trog
  3407 | D:3      | Noticed Ijyb
  3408 | D:3      | 3408 ||| INVOKING Berserk.
  3415 | D:3      | Killed Ijyb
  3416 | D:3      | Reached skill level 8 in Axes
  3416 | D:3      | Reached XP level 6. HP: 52/52 MP: 5/5
  3546 | D:3      | Killed Jessica
  3974 | D:3      | 3974 ||| UPGRADING to +0 scale mail.
  3984 | D:3      | 3984 ||| DROPPING +0 ring mail.
  3985 | D:3      | 3985 ||| DRINKING 3 ruby potions.
  3986 | D:3      | 3986 ||| READING 2 scrolls of identify.
  3986 | D:3      | 3986 ||| IDENTIFYING green potion
  3987 | D:3      | 3987 ||| DROPPING potion of brilliance.
  4008 | D:4      | Found Veuph's Distillery.
  4014 | D:4      | 4014 ||| BUYING potion of cancellation (80 gold).
  4014 | D:4      | Bought a potion of cancellation for 80 gold pieces
  4014 | D:4      | 4014 ||| BUYING potion of curing (30 gold).
  4014 | D:4      | Bought a potion of curing for 30 gold pieces
  4014 | D:4      | 4014 ||| BUYING potion of curing (30 gold).
  4014 | D:4      | Bought a potion of curing for 30 gold pieces
  4014 | D:4      | 4014 ||| SHOPLISTING potion of haste (100 gold, have 66).
  4101 | D:4      | 4101 ||| DROPPING +0 flail.
  4523 | D:4      | Reached skill level 9 in Axes
  4615 | D:4      | Identified the +7 short sword of Waeprim {speed, Contam
                  | rElec rF+++ Str-2}
  4818 | D:4      | 4818 ||| Stepping ~*~*~tactically~*~*~ (hiding).
  4823 | D:4      | 4823 ||| INVOKING Berserk.
  4828 | D:4      | Reached XP level 7. HP: 60/60 MP: 6/6
  5051 | D:4      | 5051 ||| UPGRADING to +6 ring of strength.
  5052 | D:4      | 5052 ||| READING 2 scrolls labelled IWUSTR ABBI.
  5053 | D:4      | 5053 ||| READING 2 scrolls of identify.
  5053 | D:4      | 5053 ||| IDENTIFYING lumpy dark potion
  5054 | D:4      | 5054 ||| DROPPING scroll of blinking.
  5093 | D:5      | Entered Level 5 of the Dungeon
  5095 | D:5      | 5095 ||| Stepping ~*~*~tactically~*~*~ (stealth).
  5096 | D:5      | 5096 ||| Stepping ~*~*~tactically~*~*~ (stealth).
  5098 | D:5      | 5098 ||| Stepping ~*~*~tactically~*~*~ (stealth).
  5103 | D:5      | 5103 ||| Stepping ~*~*~tactically~*~*~ (stealth).
  5189 | D:5      | Found a shadowy altar of Dithmenos.
  5238 | D:5      | 5238 ||| INVOKING Berserk.
  5253 | D:5      | Reached skill level 10 in Axes
  5434 | D:5      | 5434 ||| Stepping ~*~*~tactically~*~*~ (stealth).
  5439 | D:5      | 5439 ||| Stepping ~*~*~tactically~*~*~ (stealth).
  5442 | D:5      | 5442 ||| Stepping ~*~*~tactically~*~*~ (hiding).
  5459 | D:5      | Reached skill level 1 in Throwing
  5533 | D:5      | Found Rofemum's Magic Scroll Boutique.
  5541 | D:5      | 5541 ||| BUYING scroll of enchant weapon (97 gold).
  5541 | D:5      | Bought a scroll of enchant weapon for 97 gold pieces
  5541 | D:5      | 5541 ||| BUYING scroll of identify (26 gold).
  5541 | D:5      | Bought a scroll of identify for 26 gold pieces
  5542 | D:5      | 5542 ||| READING scroll of enchant weapon.
  5542 | D:5      | 5542 ||| ENCHANTING +2 hand axe.
  5555 | D:5      | 5555 ||| Stepping ~*~*~tactically~*~*~ (hiding).
  5562 | D:5      | 5562 ||| Stepping ~*~*~tactically~*~*~ (stealth).
  5564 | D:5      | 5564 ||| Stepping ~*~*~tactically~*~*~ (hiding).
  5566 | D:5      | 5566 ||| Stepping ~*~*~tactically~*~*~ (hiding).
  5567 | D:5      | Found Ceagar's Weapon Shop.
  5718 | D:5      | 5718 ||| Stepping ~*~*~tactically~*~*~ (hiding).
  5719 | D:5      | 5719 ||| Stepping ~*~*~tactically~*~*~ (hiding).
  5730 | D:5      | Reached skill level 6 in Fighting
  5735 | D:5      | 5735 ||| INVOKING Berserk.
  5970 | D:5      | Identified the +2 mace "Tuoveire" {vorpal, rPois rF+++ rC-
                  | Stlth+}
  5980 | D:5      | Reached XP level 8. HP: 70/70 MP: 7/7
  5989 | D:5      | Reached **** piety under Trog
  6138 | D:5      | Found Muogets's Antique Weapon Shoppe.
  6142 | D:5      | 6142 ||| SHOPLISTING war axe (80 gold, have 25).
  6163 | D:5      | 6163 ||| Stepping ~*~*~tactically~*~*~ (stealth).
  6173 | D:5      | Reached skill level 11 in Axes
  6173 | D:5      | 6173 ||| FLEEEEING.
  6174 | D:5      | 6174 ||| FLEEEEING.
  6175 | D:5      | 6175 ||| FLEEEEING.
  6176 | D:5      | 6176 ||| FLEEEEING.
  6177 | D:5      | 6177 ||| FLEEEEING.
  6181 | D:5      | 6181 ||| FLEEEEING.
  6182 | D:5      | 6182 ||| STAIRDANCE
  6311 | D:4      | 6311 ||| UPGRADING to +0 chain mail.
  6321 | D:4      | 6321 ||| DROPPING +0 scale mail.
  6322 | D:4      | 6322 ||| UPGRADING to +0 pair of boots.
  6327 | D:4      | 6327 ||| UPGRADING to +4 ring of protection.
  6328 | D:4      | 6328 ||| READING scroll labelled KYBBER ZUEGI.
  6329 | D:4      | 6329 ||| READING scroll labelled PUEBRU KOTYOQ.
  6330 | D:4      | 6330 ||| DRINKING 2 purple potions.
  6331 | D:4      | 6331 ||| READING 3 scrolls of identify.
  6331 | D:4      | 6331 ||| IDENTIFYING puce potion
  6332 | D:4      | 6332 ||| READING 2 scrolls of identify.
  6332 | D:4      | 6332 ||| IDENTIFYING bubbling clear potion
  6333 | D:4      | 6333 ||| DROPPING potion of flight.
  6334 | D:4      | 6334 ||| DROPPING potion of magic.
  6339 | D:5      | 6339 ||| STAIRDANCE
  6352 | D:5      | Reached skill level 3 in Armour
  6352 | D:5      | 6352 ||| STAIRDANCE
  6408 | D:5      | 6408 ||| INVOKING Berserk.
  6419 | D:5      | 6419 ||| FLEEEEING.
  6607 | D:5      | Found a staircase to the Ecumenical Temple.
  6751 | D:5      | Found a stormy altar of Qazlal.
  6779 | D:5      | 6779 ||| SWAPPING to +0 war axe.
  6780 | D:5      | 6780 ||| DROPPING +3 hand axe.
  6811 | D:6      | Identified the +1 leather armour of the Pit {Harm Drain rF-
                  | rCorr}
  6816 | D:6      | 6816 ||| Stepping ~*~*~tactically~*~*~ (hiding).
  6830 | D:6      | 6830 ||| INVOKING Berserk.
  6889 | D:6      | 6889 ||| Stepping ~*~*~tactically~*~*~ (stealth).
  6890 | D:6      | 6890 ||| Stepping ~*~*~tactically~*~*~ (stealth).
  6892 | D:6      | 6892 ||| Stepping ~*~*~tactically~*~*~ (hiding).
  6893 | D:6      | 6893 ||| Stepping ~*~*~tactically~*~*~ (hiding).
  6905 | D:6      | 6905 ||| DRINKING 5 potions of curing.
  6905 | D:6      | 6905 ||| (to cure confusion)
  7002 | D:6      | Reached skill level 12 in Axes
  7218 | D:6      | 7218 ||| Stepping ~*~*~tactically~*~*~ (stealth).
  7219 | D:6      | 7219 ||| Stepping ~*~*~tactically~*~*~ (stealth).
  7343 | D:6      | 7343 ||| INVOKING Berserk.
  7346 | D:6      | Reached XP level 9. HP: 79/79 MP: 8/8
  7550 | D:6      | 7550 ||| INVOKING Berserk.
  7672 | D:6      | Found Wolof's Antique Weapon Emporium.
  7675 | D:6      | 7675 ||| BUYING broad axe (80 gold).
  7675 | D:6      | Bought a broad axe for 80 gold pieces
  7675 | D:6      | 7675 ||| SHOPLISTING runed war axe (130 gold, have 11).
  7675 | D:6      | 7675 ||| SWAPPING to +0 broad axe.
  7676 | D:6      | 7676 ||| DROPPING +0 war axe.
  7781 | D:6      | 7781 ||| UPGRADING to +0 plate armour.
  7791 | D:6      | 7791 ||| DROPPING +0 chain mail.
  7792 | D:6      | 7792 ||| READING scroll labelled XAUTETT VINIMAOCE.
  7795 | D:6      | 7795 ||| READING scroll labelled PIONODWEXZO.
  7796 | D:6      | 7796 ||| DRINKING 3 murky silvery potions.
  7835 | D:6      | 7835 ||| READING 4 scrolls of identify.
  7835 | D:6      | 7835 ||| IDENTIFYING grey potion
  7836 | D:6      | 7836 ||| DROPPING potion of attraction.
  7837 | D:6      | 7837 ||| DROPPING 2 potions of lignification.
  7857 | D:7      | 7857 ||| INVOKING Berserk.
  7867 | D:7      | Reached skill level 6 in Armour
  7976 | D:7      | Found a broken altar of Ashenzari.
  7993 | D:7      | 7993 ||| Stepping ~*~*~tactically~*~*~ (hiding).
  7994 | D:7      | 7994 ||| Stepping ~*~*~tactically~*~*~ (hiding).
  8310 | D:7      | Noticed a troll
  8314 | D:7      | 8314 ||| INVOKING Berserk.
  8318 | D:7      | Killed a troll
  8319 | D:7      | Reached skill level 13 in Axes
  8608 | D:7      | Found a sparkling altar of Nemelex Xobeh.
  8612 | D:7      | 8612 ||| INVOKING Berserk.
  8777 | D:7      | Found a basalt altar of Yredelemnul.
  8797 | D:7      | 8797 ||| Stepping ~*~*~tactically~*~*~ (stealth).
  8841 | D:7      | 8841 ||| Stepping ~*~*~tactically~*~*~ (stealth).
  8844 | D:7      | 8844 ||| Stepping ~*~*~tactically~*~*~ (stealth).
  8845 | D:7      | 8845 ||| Stepping ~*~*~tactically~*~*~ (stealth).
  8981 | D:7      | 8981 ||| DROPPING amulet of faith.
  8982 | D:7      | 8982 ||| READING scroll labelled GOSADE ETODADO.
  8983 | D:7      | 8983 ||| READING scroll labelled VUAGOH KEURA.
  9022 | D:8      | Found a staircase to the Lair.
  9067 | D:8      | 9067 ||| INVOKING Berserk.
  9240 | D:8      | Reached skill level 14 in Axes
  9257 | D:8      | Found a runed translucent door.
  9257 | D:8      | Noticed qw's ghost (novice TrCA)
  9257 | D:8      | Noticed a centaur warrior
 10086 | D:8      | 10086 ||| PLANNING LAIR
 10086 | D:8      | 10086 ||| UPGRADING to +2 pair of gloves.
 10096 | D:8      | 10096 ||| DROPPING +0 pair of gloves.
 10097 | D:8      | 10097 ||| UPGRADING to ring of see invisible.
 10099 | D:8      | 10099 ||| DROPPING ring of ice.
 10100 | D:8      | 10100 ||| READING 2 scrolls labelled WYITUE VYPPIY.
 10101 | D:8      | 10101 ||| READING scroll labelled YLUISU ASUCK.
 10102 | D:8      | 10102 ||| DROPPING scroll of noise.
 10126 | Lair:1   | Entered Level 1 of the Lair of Beasts
 10131 | Lair:1   | Noticed a komodo dragon
 10134 | Lair:1   | 10134 ||| INVOKING Berserk.
 10137 | Lair:1   | Killed a komodo dragon
 10310 | Lair:1   | 10310 ||| Stepping ~*~*~tactically~*~*~ (stealth).
 10314 | Lair:1   | 10314 ||| Stepping ~*~*~tactically~*~*~ (stealth).
 10320 | Lair:1   | Reached XP level 10. HP: 71/88 MP: 9/9
 10324 | Lair:1   | 10324 ||| Stepping ~*~*~tactically~*~*~ (stealth).
 10406 | Lair:1   | 10406 ||| Stepping ~*~*~tactically~*~*~ (stealth).
 10407 | Lair:1   | 10407 ||| Stepping ~*~*~tactically~*~*~ (stealth).
 10409 | Lair:1   | 10409 ||| Stepping ~*~*~tactically~*~*~ (stealth).
 10502 | Lair:1   | 10502 ||| Stepping ~*~*~tactically~*~*~ (stealth).
 10505 | Lair:1   | 10505 ||| INVOKING Berserk.
 10508 | Lair:1   | Reached skill level 15 in Axes
 10541 | Lair:1   | 10541 ||| Stepping ~*~*~tactically~*~*~ (stealth).
 10543 | Lair:1   | 10543 ||| Stepping ~*~*~tactically~*~*~ (stealth).
 10547 | Lair:1   | 10547 ||| Stepping ~*~*~tactically~*~*~ (stealth).
 10551 | Lair:1   | 10551 ||| Stepping ~*~*~tactically~*~*~ (stealth).
 10552 | Lair:1   | 10552 ||| Stepping ~*~*~tactically~*~*~ (stealth).
 10559 | Lair:1   | 10559 ||| Stepping ~*~*~tactically~*~*~ (stealth).
 10562 | Lair:1   | 10562 ||| Stepping ~*~*~tactically~*~*~ (stealth).
 10601 | Lair:1   | Noticed a spriggan rider
 10606 | Lair:1   | Noticed a spriggan berserker
 10607 | Lair:1   | Found a bloodstained altar of Trog.
 10607 | Lair:1   | Identified the ring "Rewkoame" {rPois rF+}
 10615 | Lair:1   | Noticed a moth of wrath
 10615 | Lair:1   | Noticed a moth of wrath
 10616 | Lair:1   | Noticed qw's ghost (journeyman TrCA)
 10626 | Lair:1   | Found a transporter.
 10635 | Lair:1   | Found a transporter.
 10671 | Lair:1   | Noticed a cane toad
 10673 | Lair:1   | 10673 ||| INVOKING Berserk.
 10675 | Lair:1   | Killed a cane toad
 10676 | Lair:1   | Reached skill level 9 in Fighting
 10682 | Lair:1   | Reached skill level 3 in Dodging
 10812 | Lair:1   | 10812 ||| Stepping ~*~*~tactically~*~*~ (stealth).
 10837 | Lair:1   | Noticed a cane toad
 10838 | Lair:1   | 10838 ||| Stepping ~*~*~tactically~*~*~ (stealth).
 10843 | Lair:1   | 10843 ||| INVOKING Berserk.
 10846 | Lair:1   | Killed a cane toad
 10997 | Lair:1   | Found a transporter.
 11184 | Lair:1   | Found a transporter.
 11654 | Lair:1   | 11654 ||| READING scroll labelled COUGIA MIKARGH.
 11655 | Lair:1   | 11655 ||| DROPPING +0 morningstar.
 11656 | Lair:1   | 11656 ||| DROPPING +2 mace "Tuoveire" {vorpal, rPois rF+++
                  | rC- Stlth+}.
 11684 | Lair:2   | Noticed qw's ghost (journeyman TrCA)
 11687 | Lair:2   | 11687 ||| READING 2 scrolls of teleportation.
 11708 | Lair:2   | Reached skill level 16 in Axes
 11710 | Lair:2   | 11710 ||| Stepping ~*~*~tactically~*~*~ (stealth).
 11712 | Lair:2   | 11712 ||| Stepping ~*~*~tactically~*~*~ (stealth).
 11727 | Lair:2   | 11727 ||| INVOKING Berserk.
 11888 | Lair:2   | Found a staircase to the Snake Pit.
 11906 | Lair:2   | 11906 ||| INVOKING Berserk.
 11906 | Lair:2   | HP: 34/136 [naga/+0 vorpal scimitar (4)]
 11911 | Lair:2   | HP: 16/136 [poisoned by a naga (splash of poison)]
 11915 | Lair:2   | Slain by a komodo dragon

Levels and vault maps discovered:
D:1:      erik_arrival_cave_to_civilisation [erik_arrival_cave_to_temple],
          layout_loops_ring, hellmonk_ecumenical_altar_watching_god,
          nicolae_eternal_life, minmay_tromino_i4
D:2:      layout_basic, hex_tiny, uniq_natasha, uniq_robin
D:3:      layout_basic, nicolae_wu_jian_wuxing_cycle, serial_park_tiny_2,
          uniq_ijyb, uniq_jessica
D:4:      layout_loops_corners, serial_shops, shop, grunt_decor_cap
D:5:      layout_cave_pools, nicolae_dithmenos_the_darkroom,
          grunt_qazlal_clouds, minmay_temple_entry_gardened_gates,
          serial_gnoll_camp, gnoll_camp_medium_01, gnoll_camp_mini_shop,
          gnoll_camp_mini_shop, gnoll_camp_mini_hut, gnoll_camp_mini_house,
          serial_shops, shop, kennysheep_generic_room_6
D:6:      layout_gridville, serial_shops, nicolae_shop_behind_doors,
          minmay_diced_spiral
D:7:      layout_basic, nemelex_dance_club_becter, ashenzari_altar_1,
          kennysheep_little_box
D:8:      layout_basic, lair_entry_dummy, ebering_ghost_inner_flame
Lair:1:   gammafunk_worm_tunnel, layout_loops_ring,
          gammafunk_ghost_wrathful_warriors
Lair:2:   layout_cave_shapes, elwin_shoals_entry_rocks,
          minmay_snake_entry_guardpost_small, hellmonk_ghost_happy_afterlife

Skill      XL: |  1  2  3  4  5  6  7  8  9 10 |
---------------+-------------------------------+-----
Axes           | 4 5 6 7 8 9 10 12 14 16 | 16.5
Fighting       | 4 6 7 8 9 |  9.2
Throwing       | 1 |  1.0
Armour         | 5 7 8 |  8.0
Dodging        | 3 |  3.1

Action                   |  1- 3 |  4- 6 |  7- 9 | 10-12 || total
-------------------------+-------+-------+-------+-------++-------
Melee: Hand axe          |    89 |   161 |   102 |       ||   352
       Headbutt          |     9 |    19 |    35 |    17 ||    80
       Punch             |     2 |     1 |     2 |     1 ||     6
       War axe           |       |       |    55 |       ||    55
       Broad axe         |       |       |    61 |   103 ||   164
Throw: Boomerang         |       |    20 |    74 |    20 ||   114
Invok: Berserk           |     2 |     5 |    11 |     5 ||    23
  Use: Scroll            |     3 |     6 |    14 |     2 ||    25
       Potion            |       |     1 |     3 |       ||     4
Armor: Animal skin       |    12 |       |       |       ||    12
       Ring mail         |    10 |    26 |       |       ||    36
       Scale mail        |       |    22 |    16 |       ||    38
       Chain mail        |       |       |    33 |       ||    33
       Plate armour      |       |       |    35 |    56 ||    91
Dodge: Dodged            |    55 |    60 |    92 |    33 ||   240

Table legend:
 A = Non-vault XP
 B = Vault XP
 C = Vault XP percentage of total XP
 D = Non-vault monster count
 E = Vault monster count
 F = Vault count percentage of total count
                 A         B        C        D         E       F
            +---------+---------+-------+---------+---------+-------
      Total |    9406 |    1526 |  14.0 |     188 |      52 |  21.7
            +---------+---------+-------+---------+---------+-------
        D:1 |      37 |       7 |  15.9 |      23 |       4 |  14.8
        D:2 |     150 |      71 |  32.1 |      28 |      12 |  30.0
        D:3 |     131 |      76 |  36.7 |      20 |       2 |   9.1
        D:4 |     271 |      14 |   4.9 |      24 |       1 |   4.0
        D:5 |     639 |     530 |  45.3 |      26 |      24 |  48.0
        D:6 |     980 |     215 |  18.0 |      18 |       4 |  18.2
        D:7 |    1018 |     127 |  11.1 |      12 |       2 |  14.3
        D:8 |     779 |       0 |   0.0 |       9 |       0 |   0.0
     Lair:1 |    4315 |       0 |   0.0 |      21 |       0 |   0.0
     Lair:2 |    1086 |     486 |  30.9 |       7 |       3 |  30.0
            +---------+---------+-------+---------+---------+-------
